 Dungeon Crawl Stone Soup version 0.18.1-50-g88ac8fd (webtiles) character file.

314770 Gargoyl the Corrupter of Planes (level 20, -13/160 HPs)
             Began as a Demonspawn Abyssal Knight on Oct 12, 2016.
             Was the Champion of Lugonu.
             Mangled by Mennas
             ... wielding a +4 scimitar of holy wrath
              (14 damage)
             ... on level 4 of the Vaults on Oct 13, 2016.
             The game lasted 02:40:00 (66404 turns).

Gargoyl the Corrupter of Planes (DsAK)             Turns: 66404, Time: 02:40:02

Health: -13/160    AC: 36    Str: 24    XL:     20   Next: 49%
Magic:  34/34      EV: 11    Int: 14    God:    Lugonu [******]
Gold:   2790       SH: 19    Dex: 14    Spells: 0 memorised, 19 levels left

rFire  + + .     SeeInvis +     H - +8 war axe (elec)
rCold  + . .     Gourm    .     t - +4 plate armour {rPois}
rNeg   . . .     Faith    +     m - +0 large shield
rPois  +         Spirit   .     s - +2 helmet
rElec  +         Dismiss  .     N - +2 cloak
rCorr  .         Reflect  .     b - +2 pair of gloves
SustAt .         Harm     .     (no boots)
MR     +....                    P - amulet of Elyvilon's Displeasure {Faith rElec}
Stlth  ..........               Y - ring "Giybbolang" {rC+ EV+4 Str+3 Int-2 SInv}
                                n - ring of the Octopus King {rF+ AC+1 EV+1 Str+1 Int+1 Dex+1}

@: exhausted, slowed, glowing, silenced, heavily drained, very slow, somewhat
resistant to hostile enchantments, extremely unstealthy
A: hooves 2, molten scales 3, demonic guardian 2, foul stench 1, rot immunity,
subdued magic 1
a: Renounce Religion
}: 2/15 runes: decaying, gossamer


You were on level 4 of the Vaults.
You worshipped Lugonu.
Lugonu was exalted by your worship.
You were hungry.

You visited 6 branches of the dungeon, and saw 36 of its levels.
You visited the Abyss 5 times.
You also visited: Volcano.

You collected 4105 gold pieces.
You spent 1315 gold pieces at shops.

Inventory:

Hand Weapons
 q - a +2 broad axe of flaming
 y - a +3 broad axe
 H - a +8 war axe of electrocution (weapon)
Missiles
 l - 81 tomahawks (quivered)
Armour
 b - a +2 pair of gloves (worn)
 m - a +0 large shield (worn)
 s - a +2 helmet (worn)
 t - a +4 plate armour of poison resistance (worn)
 u - a +1 plate armour of magic resistance
 w - a +4 plate armour of cold resistance
 N - a +2 cloak (worn)
Jewellery
 n - a ring of the Octopus King (left hand) {rF+ AC+1 EV+1 Str+1 Int+1 Dex+1}
   (You bought it in a shop on level 2 of the Orcish Mines)

   [ring of protection from fire]

   It affects your AC (+1).
   It affects your evasion (+1).
   It affects your strength (+1).
   It affects your intelligence (+1).
   It affects your dexterity (+1).
   It protects you from fire.
 P - the amulet of Elyvilon's Displeasure (around neck) {Faith rElec}
   (You found it on level 10 of the Dungeon)

   [amulet of faith]

   It allows you to gain divine favour quickly.
   It insulates you from electricity.
 U - an uncursed ring of flight
 X - an uncursed amulet of rage
 Y - the ring "Giybbolang" (right hand) {rC+ EV+4 Str+3 Int-2 SInv}
   (You found it on level 7 of the Lair of Beasts)

   [ring of evasion]

   It affects your evasion (+4).
   It affects your strength (+3).
   It affects your intelligence (-2).
   It protects you from cold.
   It lets you see invisible.
Wands
 x - a wand of lightning (12/15)
 L - a wand of teleportation (4/9)
Scrolls
 e - 3 scrolls of identify
 f - a scroll of amnesia
 i - a scroll of enchant armour
 o - 20 scrolls of remove curse
 p - 6 scrolls of teleportation
 r - 4 scrolls of magic mapping
 v - 4 scrolls of silence
 z - 3 scrolls of fog
 O - 2 scrolls of fear
 R - 3 scrolls of recharging
 S - a scroll of summoning
Potions
 g - a potion of magic
 h - 2 potions of haste
 j - 3 potions of curing
 A - a potion of might
 B - 2 potions of ambrosia
 C - 4 potions of flight
 D - a potion of beneficial mutation
 F - 3 potions of cancellation
 I - 4 potions of brilliance
 M - a potion of cure mutation
 Q - 7 potions of resistance
 T - a potion of invisibility
 W - a potion of agility
Miscellaneous
 K - an ornate deck of summoning {the Rangers}
Comestibles
 c - 12 bread rations
 d - 3 slices of pizza
 k - a royal jelly
 J - 13 meat rations


   Skills:
 + Level 14.6(12.8) Fighting
 + Level 16.2(14.3) Axes
 + Level 3.4(2.1) Throwing
 * Level 16.9(15.1) Armour
 + Level 6.7(5.2) Dodging
 + Level 13.8(12.1) Shields
 * Level 20.3(18.3) Invocations


You had 19 spell levels left.
You didn't know any spells.

Dungeon Overview and Level Annotations

Branches:
Dungeon (14/15)            Temple (0/1) D:5            Lair (8/8) D:9
  Swamp (4/4) Lair:4       Spider (4/4) Lair:3        Slime (0/6) Lair:6
    Orc (2/2) D:12            Elf (0/3) Orc:2        Vaults (4/5) D:14
  Crypt (0/3) Vaults:3

Altars:
Ashenzari
Cheibriados
Dithmenos
Fedhas
Gozag
Kikubaaqudgha
Okawaru
Qazlal
Ru
Sif Muna
Vehumet
Xom
Yredelemnul
Zin
The Shining One

Shops:
D:4 }   Orc:1 }   Orc:2 ([*=   Vaults:1 %   Vaults:2 (

Portals:
Trove: D:12 (give wand of heal wounds (9))

Annotations:
D:14 Sonja
Vaults:4 Mennas


Innate Abilities, Weirdness & Mutations

You have hoof-like feet.
You are completely covered in molten scales (AC +4, EV -1, rF+).
A demonic guardian rushes to your aid.
You may emit foul miasma when damaged in melee.
You are immune to rotting.
Your spells are a little easier to cast, but a little less powerful.


Message History

You hit the ice dragon.
The ice dragon is severely wounded.
You block Mennas's attack. Mennas completely misses you.
The ice dragon bites you!
* * * LOW HITPOINT WARNING * * *
You block the ice dragon's attack. x2
Mennas blocks your smoke demon's attack. x3
Mennas hits you but does no damage.
Mennas hits you with a scimitar of holy wrath.
* * * LOW HITPOINT WARNING * * *
You convulse.
* * * LOW HITPOINT WARNING * * *
Drink which item? (? for menu, Esc to quit)
You feel better. The ice dragon completely misses you.
You block the ice dragon's attack.
The ice dragon tramples you but does no damage.
Mennas hits you with a scimitar of holy wrath!
* * * LOW HITPOINT WARNING * * *
You convulse!
You die...

##.....# #......#
####......# #......#
#.......### #......#
#.......# #......#
##.....#### #.<....#
#......##.####...)..#
......#.....##......#
....##.#..#.##..A...#
....##......##.3@...#
..###(......##..D...#
..# ##.#.)>######'######
### #....## #.......#
######'''#### #.......#
............#########..#
............#..#....#..#
............#..'....'..#
............#..'....'..#


You could see Mennas, an ice dragon and a friendly smoke demon.

Vanquished Creatures
  the Lernaean hydra (Swamp:4)
  Nikola (Spider:4)
  Arachne (Spider:2)
  Asterion (Spider:4)
  Rupert (D:14)
  A sphinx (Vaults:3)
  Frances (Spider:1)
  3 thorn hunters
  A tentacled starspawn (Abyss:2)
  Agnes (Spider:2)
  2 tengu reavers
  A shadow dragon (Vaults:4)
  An azure jelly (shapeshifter) (Vaults:1)
  A frost giant (Vaults:4)
  2 deep elf sorcerers (Vaults:4)
  Donald (Swamp:4)
  4 ghost moths (Spider:4)
  7 vault wardens
  6 emperor scorpions
  Louise (D:14)
  2 very ugly things
  4 ironheart preservers
  3 stone giants
  Nessos (D:14)
  2 deep elf demonologists (Vaults:2)
  A deep elf annihilator (Vaults:2)
  2 spark wasps
  Azrael (Orc:1)
  A crystal guardian (Vaults:3)
  A deep elf death mage (Vaults:2)
  2 great orbs of eyes (Vaults:4)
  8 vault guards
  3 yaktaur captains
  4 entropy weavers
  The ghost of krepi the Blocker, a journeyman MiFi of the Shining One (D:12)
  2 ice dragons
  2 ghost crabs (Swamp:4)
  13 hydras
  6 centaur warriors
  2 death knights (Vaults:4)
  16 alligators
  A queen ant (Spider:1)
  6 ogre magi
  4 orc high priests (Orc:2)
  6 death yaks
  Nergalle (D:11)
  4 deep elf knights
  The ghost of nivlat the Nimble, a novice KoAs (D:8)
  A shadow wraith (Vaults:1)
  5 skeletal warriors
  5 unseen horrors
  14 swamp dragons
  A death drake (shapeshifter) (Vaults:1)
  A deep troll (Vaults:4)
  An unseen horror (shapeshifter) (Vaults:1)
  3 shambling mangroves
  6 deep elf archers
  A tengu zombie (Vaults:3)
  A lindwurm (shapeshifter) (Vaults:2)
  A flayed ghost (Vaults:4)
  A spriggan druid (Swamp:2)
  2 giant orange brains (Vaults:3)
  5 harpies (Vaults:4)
  A phantasmal warrior (Vaults:4)
  4 wizards
  12 deep elf magi
  7 hill giants
  7 necromancers
  3 griffons
  9 ironbrand convokers
  8 ugly things
  11 orc knights
  18 hornets
  A wolf spider (shapeshifter) (Vaults:2)
  15 orb spiders
  5 orc sorcerers
  26 wolf spiders
  A sphinx skeleton (Vaults:2)
  3 manticores
  A black mamba (Lair:7)
  4 cyclopes
  A rust devil (Abyss:3)
  11 elephants
  A moth of wrath (Spider:2)
  2 torpor snails
  A gargoyle (D:11)
  7 vault sentinels
  An eye of devastation (shapeshifter) (Vaults:4)
  29 spiny frogs
  An orange demon (Abyss:1)
  3 rime drakes
  26 yaktaurs
  3 kobold demonologists (D:14)
  An efreet (Abyss:1)
  4 freezing wraiths
  A redback zombie (D:14)
  An ancient zyme (Abyss:1)
  15 demonic crawlers
  5 komodo dragons
  A troll (shapeshifter) (Vaults:4)
  A two-headed ogre (shapeshifter) (Vaults:1)
  8 giant leeches
  8 trolls
  A queen bee (Spider:2)
  16 two-headed ogres
  A queen bee (shapeshifter) (Vaults:3)
  22 blink frogs
  5 boulder beetles
  48 jumping spiders
  4 bog bodies
  4 large abominations
  32 slime creatures
  A raiju (Abyss:1)
  A fire giant simulacrum (Vaults:2)
  72 redbacks
  2 shadows (Swamp:1)
  A hill giant zombie (D:12)
  6 spriggans
  2 wyverns
  A ynoxinul (Abyss:3)
  A hog (shapeshifter) (Vaults:1)
  3 wraiths
  16 yaks
  3 small abominations
  28 tarantellas
  17 humans
  2 fire elementals (Orc:1)
  3 basilisks
  A human (shapeshifter) (Vaults:2)
  30 vampire mosquitoes
  7 hippogriffs
  A deep troll zombie (Vaults:2)
  3 hungry ghosts
  A mottled dragon (D:14)
  26 soldier ants
  7 wargs
  23 swamp worms
  4 insubstantial wisps
  2 hell hounds (Orc:2)
  An ogre skeleton (Vaults:1)
  13 porcupines
  17 water moccasins
  7 ice beasts (Orc:2)
  5 black bears
  58 orc warriors
  11 swamp drakes
  2 necrophages (D:12)
  4 phantoms
  5 sky beasts
  15 wasps
  5 boggarts (Vaults:1)
  33 ogres
  3 human zombies (Vaults:1)
  20 centaurs
  4 human skeletons
  3 wolves (Lair:4)
  3 eyes of draining
  17 crocodiles
  2 big kobolds
  A yaktaur zombie (Vaults:1)
  An earth elemental (Abyss:1)
  A wyvern zombie (D:11)
  2 gnoll sergeants
  43 giant frogs
  8 scorpions
  A troll zombie (D:12)
  19 killer bees
  5 electric eels
  5 crimson imps
  A howler monkey (D:6)
  A human simulacrum (Vaults:3)
  4 quasits
  4 centaur zombies
  30 orc priests
  12 hounds
  A giant frog zombie (D:10)
  32 orc wizards
  8 centaur skeletons
  A gnoll shaman (D:7)
  17 jellies
  3 giant frog skeletons
  8 iguanas
  2 hell rats (Lair:1)
  31 worker ants
  A killer bee zombie (D:6)
  4 ogre zombies (D:12)
  11 sheep
  3 hound skeletons
  2 hound zombies
  A howler monkey zombie (D:8)
  13 gnolls
  2 howler monkey skeletons
  59 river rats
  16 adders
  A shadow imp (D:13)
  3 ufetubi
  4 oozes
  An adder skeleton (D:4)
  7 worms
  2 dart slugs
  4 giant geckos
  136 orcs
  2 ball pythons
  8 bats
  10 giant cockroaches
  8 goblins
  7 hobgoblins
  2 jackals (D:2)
  6 quokkas
  3 giant newts
  A goblin skeleton (D:12)
  A hobgoblin skeleton (D:12)
  2 hobgoblin zombies (D:12)
  A jackal skeleton (D:4)
  15 kobolds
  3 orc skeletons (D:12)
  12 orc zombies
  11 rats
  9 briar patches
  7 fungi
  6 plants
  A starspawn tentacle segment (Abyss:2)
1704 creatures vanquished.

Vanquished Creatures (collateral kills)
  Boris (Vaults:2)
  A lich (Vaults:4)
  A thorn hunter (Swamp:3)
  A sphinx (Vaults:1)
  2 vault wardens
  2 orc warlords
  A cacodemon (Abyss:1)
  3 emperor scorpions
  A ghoul (Vaults:1)
  Maud (Abyss:1)
  A deep elf annihilator (Vaults:4)
  A fire dragon (Vaults:3)
  4 hydras
  An entropy weaver (Spider:3)
  A death knight (Vaults:1)
  A centaur warrior (Vaults:1)
  An ogre mage (Vaults:1)
  3 alligators
  7 death yaks
  A thrashing horror (Abyss:1)
  A fire crab (Vaults:4)
  A deep elf knight (Vaults:2)
  2 skeletal warriors
  A spriggan druid (Swamp:4)
  A hill giant (Vaults:1)
  A deep elf archer (Vaults:1)
  A swamp dragon (Swamp:4)
  An orc knight (Orc:2)
  3 deep elf magi
  4 orb spiders
  An orc sorcerer (Orc:2)
  A cyclops (D:9)
  A wolf spider (Spider:4)
  2 ugly things (Vaults:1)
  A hornet (Swamp:2)
  A griffon (Lair:2)
  A sixfirhy (Abyss:1)
  2 black mambas
  A torpor snail (Spider:4)
  A vault sentinel (Vaults:1)
  9 elephants
  The ghost of Kloppie the Spear-Bearer, a novice MfBe of Trog (D:6)
  A gargoyle (D:8)
  3 spiny frogs
  6 yaktaurs
  3 komodo dragons
  An efreet (D:8)
  A jumping spider (Spider:3)
  5 trolls
  A silent spectre (Abyss:2)
  12 blink frogs
  2 two-headed ogres (Vaults:1)
  2 slime creatures (Vaults:1)
  An ettin zombie (Vaults:3)
  2 tarantellas
  7 redbacks
  A spriggan (Swamp:3)
  14 yaks
  5 hippogriffs
  A human (D:14)
  A basilisk (Lair:7)
  2 fire elementals (Orc:2)
  5 vampire mosquitoes
  A chaos spawn (Abyss:1)
  2 swamp worms
  A porcupine (Lair:7)
  A wasp (Swamp:3)
  An ice beast (Orc:2)
  8 orc warriors
  The ghost of Nukefarmer the Sneak, an amateur NaAs (D:3)
  5 ogres
  4 centaurs
  7 giant frogs
  A wyvern skeleton (D:10)
  A scorpion (D:8)
  6 killer bees
  An electric eel (Lair:8)
  A howler monkey (D:8)
  2 orc priests
  A hound (D:8)
  5 orc wizards
  A giant frog skeleton (D:9)
  2 adders
  2 river rats (Lair:2)
  2 shadow imps (D:8)
  2 giant geckos (D:8)
  6 orcs
  An orc skeleton (D:12)
  A briar patch (Swamp:2)
215 creatures vanquished.

Vanquished Creatures (others)
  A deep elf annihilator (Vaults:1)
  4 hydras
  A spriggan druid (Swamp:3)
  2 orb spiders (Spider:4)
  An oklob plant (Lair:7)
  An ironbrand convoker (Vaults:3)
  A freezing wraith (Vaults:4)
  A komodo dragon (Lair:8)
  2 demonic crawlers
  2 jumping spiders (Spider:4)
  A giant leech (Swamp:1)
  A boulder beetle (Vaults:3)
  A basilisk (Lair:8)
  3 swamp worms
  A water moccasin (Lair:8)
  A giant frog (Lair:8)
  A worker ant (Spider:1)
  A shadow imp (D:12)
  An orc (Orc:2)
  4 briar patches (Swamp:2)
  22 fungi
  21 plants
  3 starspawn tentacles (Abyss:2)
  2 starspawn tentacle segments (Abyss:2)
79 creatures vanquished.

Grand Total: 1998 creatures vanquished

Notes
Turn   | Place    | Note
--------------------------------------------------------------
     0 | Abyss:1  | Gargoyl the Demonspawn Abyssal Knight began the quest for the Orb.
     0 | Abyss:1  | Reached XP level 1. HP: 18/18 MP: 2/2
    65 | Abyss:1  | Noticed an eye of draining
    66 | Abyss:1  | Noticed a wretched star
    94 | Abyss:1  | Killed an eye of draining
    94 | Abyss:1  | Reached skill level 1 in Dodging
    94 | Abyss:1  | Reached skill level 3 in Invocations
    94 | Abyss:1  | Gained mutation: A weak demonic guardian rushes to your aid. [demonic ancestry]
    94 | Abyss:1  | Reached XP level 2. HP: 25/25 MP: 0/4
    94 | Abyss:1  | Gained mutation: You are immune to rotting. [demonic ancestry]
    94 | Abyss:1  | Reached XP level 3. HP: 30/30 MP: 0/5
    94 | Abyss:1  | Gained mutation: A demonic guardian rushes to your aid. [demonic ancestry]
    94 | Abyss:1  | Reached XP level 4. HP: 37/37 MP: 0/6
    97 | Abyss:1  | Noticed a chaos spawn
   101 | Abyss:1  | Killed a chaos spawn
   102 | D:1      | Escaped the Abyss
   153 | D:1      | Gained mutation: You have large cloven feet. [demonic ancestry]
   153 | D:1      | Reached XP level 5. HP: 41/43 MP: 7/7
   432 | D:1      | Reached * piety under Lugonu
  1142 | D:2      | You fall through a shaft!
  1154 | D:3      | Noticed Nukefarmer's ghost (amateur NaAs)
  1168 | D:3      | Killed Nukefarmer's ghost
  1183 | D:2      | Found an ancient bone altar of Kikubaaqudgha.
  1183 | D:2      | Found an iron altar of Okawaru.
  1302 | D:3      | Gained mutation: You are partially covered in molten scales (AC +1). [demonic ancestry]
  1302 | D:3      | Reached XP level 6. HP: 30/50 MP: 8/8
  1631 | D:2      | Reached skill level 4 in Invocations
  1939 | D:2      | Reached ** piety under Lugonu
  1996 | D:2      | Reached skill level 5 in Fighting
  2151 | D:2      | Found a glowing golden altar of the Shining One.
  2799 | D:3      | Found a blossoming altar of Fedhas.
  3382 | D:4      | Reached XP level 7. HP: 28/56 MP: 10/10
  3705 | D:4      | Found Hoxub's Gadget Shoppe.
  4254 | D:5      | Entered Level 5 of the Dungeon
  4635 | D:5      | Found a staircase to the Ecumenical Temple.
  4722 | D:5      | Reached skill level 5 in Invocations
  4871 | D:5      | Found a snail-covered altar of Cheibriados.
  4919 | D:5      | Found a radiant altar of Vehumet.
  4923 | D:5      | Found a shattered altar of Ashenzari.
  5033 | D:5      | Reached *** piety under Lugonu
  5127 | D:5      | Reached XP level 8. HP: 63/63 MP: 11/11
  5215 | D:5      | Reached skill level 5 in Armour
  5307 | D:6      | Noticed Kloppie's ghost (novice MfBe)
  5311 | D:6      | Killed Kloppie's ghost
  5417 | D:6      | Got an ichor-stained falchion
  5418 | D:6      | Identified the cursed +1 falchion of Zizuen {slice, rPois Str+9 Dex-3 SInv} (You found it on level 6 of the Dungeon)
  5642 | D:6      | Reached skill level 6 in Invocations
  5944 | D:6      | Gained mutation: Your muscles are strong. (Str +2) [potion of mutation]
  5944 | D:6      | Gained mutation: Your spells are a little easier to cast, but a little less powerful. [potion of mutation]
  5944 | D:6      | Gained mutation: Your system is resistant to poisons. [potion of mutation]
  5969 | D:6      | Found a shimmering altar of Xom.
  6407 | D:7      | Reached XP level 9. HP: 59/69 MP: 13/13
  6620 | D:7      | Found a sacrificial altar of Ru.
  6689 | D:7      | Found a deep blue altar of Sif Muna.
  7150 | D:8      | Noticed nivlat's ghost (novice KoAs)
  7173 | D:8      | Killed nivlat's ghost
  7173 | D:8      | Reached skill level 5 in Axes
  7173 | D:8      | Reached skill level 1 in Shields
  7173 | D:8      | Reached skill level 7 in Invocations
  7864 | D:8      | Reached **** piety under Lugonu
  8063 | D:8      | Found a shadowy altar of Dithmenos.
  8180 | D:8      | Got a heavily runed chain mail
  8182 | D:8      | Identified the cursed +1 chain mail of Ycyon {MP+9} (You found it on level 8 of the Dungeon)
  8250 | D:8      | Found a stormy altar of Qazlal.
  8688 | D:8      | Noticed a gargoyle
  8691 | D:8      | Noticed an efreet
  8692 | D:8      | Killed a gargoyle
  8692 | D:8      | Reached skill level 8 in Invocations
  8694 | D:8      | Killed an efreet
  8977 | D:9      | Found an opulent altar of Gozag.
  9069 | D:9      | Gained mutation: You are mostly covered in molten scales (AC +3, EV -1). [demonic ancestry]
  9069 | D:9      | Reached XP level 10. HP: 77/77 MP: 16/16
  9147 | D:9      | Noticed a cyclops
  9164 | D:9      | Killed a cyclops
  9379 | D:9      | HP: 2/79 [troll (6)]
  9810 | D:9      | Found a staircase to the Lair.
  9999 | D:9      | Reached ***** piety under Lugonu
 10008 | D:9      | Found a glowing silver altar of Zin.
 10571 | D:9      | You fall through a shaft!
 10571 | D:10     | Entered Level 10 of the Dungeon
 10842 | D:10     | Reached skill level 9 in Invocations
 11048 | D:10     | Got a transparent lead amulet
 11977 | Lair:1   | Entered Level 1 of the Lair of Beasts
 12140 | Lair:1   | Gained mutation: You have hoof-like feet. [demonic ancestry]
 12140 | Lair:1   | Reached XP level 11. HP: 26/84 MP: 18/18
 12320 | Lair:1   | Reached skill level 1 in Throwing
 13255 | Lair:1   | Reached skill level 10 in Invocations
 13440 | Lair:2   | Reached skill level 10 in Armour
 13587 | Lair:2   | Reached skill level 5 in Shields
 14154 | Lair:2   | Noticed an eight-headed hydra
 14155 | Lair:2   | Banished an eight-headed hydra
 14223 | Lair:2   | Noticed a griffon
 14541 | Lair:2   | Killed a griffon
 14981 | Lair:2   | Reached ****** piety under Lugonu
 15034 | Lair:3   | Identified the amulet of Elyvilon's Displeasure {Faith rElec} (You found it on level 10 of the Dungeon)
 15113 | Lair:3   | Found a hole to the Spider Nest.
 15484 | Lair:3   | Reached XP level 12. HP: 82/94 MP: 20/20
 15633 | Lair:3   | Noticed an eight-headed hydra
 15648 | Lair:3   | Banished an eight-headed hydra
 16053 | Lair:4   | Reached skill level 11 in Invocations
 16674 | Lair:4   | Found a staircase to the Swamp.
 18371 | Lair:6   | Reached skill level 12 in Invocations
 18994 | Lair:6   | Noticed an eight-headed hydra
 18999 | Lair:6   | Killed an eight-headed hydra
 19208 | Lair:6   | Found a staircase to the Slime Pits.
 19208 | Lair:6   | Noticed Maud
 19216 | Lair:6   | Banished Maud
 19589 | Lair:6   | Noticed a six-headed hydra
 19597 | Lair:6   | Banished a six-headed hydra
 19597 | Lair:6   | Reached XP level 13. HP: 101/101 MP: 22/22
 20391 | Lair:7   | Reached skill level 13 in Invocations
 21029 | Lair:7   | Got a clouded granite ring
 21032 | Lair:7   | Identified the ring "Giybbolang" {rC+ EV+4 Str+3 Int-2 SInv} (You found it on level 7 of the Lair of Beasts)
 22010 | Lair:8   | Entered Level 8 of the Lair of Beasts
 22115 | Lair:8   | Reached skill level 10 in Fighting
 22440 | Lair:8   | Reached skill level 5 in Dodging
 22491 | Lair:8   | Reached skill level 10 in Axes
 22528 | Lair:8   | Reached XP level 14. HP: 88/110 MP: 24/24
 22778 | Lair:8   | Gained mutation: You have hooves in place of feet. [potion of beneficial mutation]
 23825 | Lair:8   | Identified the Reference Book on Protection and Darkness (You found it on level 8 of the Lair of Beasts)
 23989 | Lair:8   | Reached skill level 14 in Invocations
 25004 | D:11     | Noticed Nergalle
 25017 | D:11     | Killed Nergalle
 26463 | D:12     | Found a staircase to the Orcish Mines.
 27142 | D:12     | Found a portal to a secret trove of treasure.
 27242 | D:12     | Noticed krepi's ghost (journeyman MiFi)
 27268 | D:12     | Killed krepi's ghost
 27642 | Orc:1    | Entered Level 1 of the Orcish Mines
 27642 | Orc:1    | Noticed an orc warlord
 27659 | D:12     | Killed an orc warlord
 28235 | Orc:1    | Found Tiptakh's Gadget Shoppe.
 28509 | Orc:2    | Entered Level 2 of the Orcish Mines
 28620 | Orc:2    | Reached skill level 15 in Invocations
 28730 | Orc:2    | Found a dark tunnel.
 28737 | Volcano  | Entered a volcano
 29283 | Orc:2    | Found a staircase to the Elven Halls.
 29729 | Orc:2    | Noticed Azrael
 29748 | Orc:1    | Gained mutation: You may emit foul miasma when damaged in melee. [demonic ancestry]
 29748 | Orc:1    | Reached XP level 15. HP: 46/117 MP: 26/26
 30080 | Orc:1    | Killed Azrael
 30485 | Orc:2    | Noticed an orc warlord
 30491 | Orc:2    | Killed an orc warlord
 31222 | Orc:2    | Found Megoyg's Antique Armour Emporium.
 31223 | Orc:2    | Found Dinailan's Antique Weapon Shoppe.
 31225 | Orc:2    | Found Jafuthou's General Store.
 31225 | Orc:2    | Found Resiakk's Jewellery Emporium.
 31264 | Orc:2    | Bought a scroll of teleportation for 42 gold pieces
 31265 | Orc:2    | Bought a ring of the Octopus King {rF+ AC+1 EV+1 Str+1 Int+1 Dex+1} for 560 gold pieces
 31286 | Orc:2    | Bought a runed plate armour for 713 gold pieces
 32069 | Spider:1 | Entered Level 1 of the Spider Nest
 32070 | Spider:1 | Noticed Frances
 32080 | Spider:1 | Killed Frances
 34921 | Spider:2 | Reached skill level 16 in Invocations
 35567 | Spider:2 | Noticed Agnes
 35578 | Spider:2 | Killed Agnes
 35666 | Spider:2 | Reached XP level 16. HP: 87/127 MP: 28/28
 35671 | Spider:2 | Reached skill level 10 in Shields
 36549 | Spider:3 | Noticed Arachne
 37227 | Spider:2 | Killed Arachne
 39676 | Spider:4 | Entered Level 4 of the Spider Nest
 40413 | Spider:4 | Noticed Mara
 40530 | Spider:4 | Noticed Gargoyl's illusion
 41510 | Spider:4 | Noticed Gargoyl's illusion
 41531 | Spider:3 | Reached skill level 17 in Invocations
 42190 | Spider:4 | Noticed Gargoyl's illusion
 42323 | Spider:4 | Noticed Gargoyl's illusion
 42335 | Spider:3 | Noticed Gargoyl's illusion
 42775 | Spider:4 | Noticed Nikola
 42776 | Spider:4 | Noticed Asterion
 42792 | Spider:4 | Killed Nikola
 42793 | Spider:4 | Killed Asterion
 43408 | Spider:4 | Reached XP level 17. HP: 85/133 MP: 29/29
 44302 | Spider:4 | Reached skill level 15 in Armour
 44935 | Spider:4 | Got a gossamer rune of Zot
 45188 | Swamp:1  | Entered Level 1 of the Swamp
 45339 | Swamp:1  | HP: 6/135 [alligator[an alligator] (10)]
 48166 | Swamp:2  | Found a deep blue altar of Sif Muna.
 48648 | Swamp:3  | Reached skill level 18 in Invocations
 50501 | Swamp:4  | Entered Level 4 of the Swamp
 50566 | Swamp:4  | Noticed Donald
 50575 | Swamp:4  | Killed Donald
 51209 | Swamp:4  | Reached XP level 18. HP: 92/142 MP: 31/31
 52007 | Swamp:4  | Noticed the 27-headed Lernaean hydra
 52640 | Swamp:4  | Killed the 23-headed Lernaean hydra
 53045 | Swamp:4  | Got a decaying rune of Zot
 54345 | D:13     | Got a crystal mace
 54346 | D:13     | Identified the +6 mace "Quor" {crush, rN++ MP+9 Str-5} (You found it on level 13 of the Dungeon)
 54849 | D:14     | Noticed Nessos
 54865 | D:14     | Killed Nessos
 54967 | D:14     | Noticed Rupert
 55033 | D:14     | Killed Rupert
 55218 | D:14     | Noticed Sonja
 55312 | D:14     | Noticed Louise
 55314 | D:14     | Cast into level 3 of the Abyss (Louise)
 55446 | D:14     | Escaped the Abyss
 55477 | D:14     | Killed Louise
 55787 | D:14     | Found a gate to the Vaults.
 56076 | D:14     | Cast into level 1 of the Abyss (Sonja)
 56102 | Abyss:1  | Killed Maud
 56234 | Abyss:1  | Gained mutation: Scrolls take you a little longer to read. [a cacodemon]
 56382 | D:14     | Escaped the Abyss
 57047 | Vaults:1 | Entered Level 1 of the Vaults
 57147 | Vaults:1 | Reached skill level 19 in Invocations
 58189 | Vaults:1 | Gained mutation: You are completely covered in molten scales (AC +4, EV -1, rF+). [demonic ancestry]
 58189 | Vaults:1 | Reached XP level 19. HP: 131/150 MP: 32/32
 58422 | Vaults:1 | Found Ososi's Food Emporium.
 59921 | Vaults:2 | Reached skill level 15 in Axes
 60301 | Vaults:2 | Cast into level 2 of the Abyss (a deep elf demonologist)
 60376 | Abyss:2  | Lost mutation: Your muscles are strong. (Str +2) [potion of cure mutation]
 60376 | Abyss:2  | Lost mutation: Your system is resistant to poisons. [potion of cure mutation]
 60376 | Abyss:2  | Lost mutation: Scrolls take you a little longer to read. [potion of cure mutation]
 60376 | Abyss:2  | Lost mutation: You have hooves in place of feet. [potion of cure mutation]
 60386 | Abyss:2  | Found a corrupted altar of Lugonu.
 60422 | Abyss:2  | Found a corrupted altar of Lugonu.
 60496 | Vaults:2 | Escaped the Abyss
 60972 | Vaults:2 | Found Jyluqaont's Antique Weapon Boutique.
 61662 | Vaults:2 | Noticed Boris
 61673 | Vaults:2 | Killed Boris
 63502 | Vaults:3 | Reached XP level 20. HP: 95/159 MP: 33/33
 64027 | Vaults:3 | Reached skill level 20 in Invocations
 64311 | Vaults:3 | Found a staircase to the Crypt.
 64311 | Vaults:3 | Found a basalt altar of Yredelemnul.
 64312 | Vaults:3 | Found an ancient bone altar of Kikubaaqudgha.
 64674 | Vaults:4 | Paralysed by a lich for 7 turns
 65206 | Vaults:4 | Cast into level 3 of the Abyss (a deep elf sorcerer)
 65215 | Vaults:4 | Escaped the Abyss
 66363 | Vaults:4 | Noticed Mennas
 66404 | Vaults:4 | HP: 1/160 [Mennas/scimitar of holy wrath (15)]
 66404 | Vaults:4 | Mangled by Mennas

Skill      XL: |  1  2  3  4  5  6  7  8  9 10 11 12 13 14 15 16 17 18 19 20 |
---------------+-------------------------------------------------------------+-----
Fighting       | 4 5 6 7 8 9 10 11 12 13 14 | 14.6
Axes           | 2 3 4 5 6 7 8 10 11 12 13 14 15 16 | 16.2
Armour         | 2 3 4 6 7 9 10 11 12 13 14 15 16 | 16.9
Dodging        | 1 2 3 4 5 6 |  6.7
Invocations    | 3 4 5 6 8 9 10 12 13 15 16 17 18 19 20 | 20.3
Shields        | 2 4 5 6 7 8 9 11 12 13 | 13.8
Throwing       | 1 2 3 |  3.4

Action                   |  1- 3 |  4- 6 |  7- 9 | 10-12 | 13-15 | 16-18 | 19-21 || total
-------------------------+-------+-------+-------+-------+-------+-------+-------++-------
Melee: Hand axe          |    15 |   245 |   166 |       |       |       |       ||   426
       Kick              |       |    54 |    91 |   218 |   410 |   805 |   412 ||  1990
       War axe           |       |       |   270 |   743 |  1548 |  1839 |   986 ||  5386
       Broad axe         |       |       |       |       |       |   131 |       ||   131
Throw: Tomahawk          |       |     2 |     4 |    20 |    36 |    70 |       ||   132
Invok: Depart the Abyss  |       |     1 |       |       |       |     2 |     2 ||     5
       Banish            |       |       |       |    10 |    13 |    17 |     2 ||    42
       Bend Space        |       |       |       |       |     1 |     3 |       ||     4
Evoke: Wand              |       |       |       |       |       |     1 |     1 ||     2
  Use: Scroll            |       |     7 |    22 |    15 |    17 |    23 |     3 ||    87
       Potion            |       |       |    10 |     9 |     7 |    16 |     6 ||    48
 Stab: Distracted        |       |       |       |     3 |     1 |    10 |     6 ||    20
       Confused          |       |       |       |       |       |     1 |       ||     1
  Eat: Chunk             |       |     8 |    18 |    33 |    27 |    21 |    10 ||   117
       Beef jerky        |       |       |     1 |       |     6 |     1 |       ||     8
       Bread ration      |       |       |     1 |     1 |     6 |     1 |     1 ||    10
       Meat ration       |       |       |     1 |       |       |     1 |       ||     2
       Royal jelly       |       |       |       |       |       |    15 |       ||    15
       Fruit             |       |       |       |       |       |    22 |    10 ||    32
       Pizza             |       |       |       |       |       |       |     3 ||     3
Armor: Ring mail         |       |   112 |       |       |       |       |       ||   112
       Leather armour    |       |     1 |       |       |       |       |       ||     1
       Chain mail        |       |     3 |   359 |       |       |       |       ||   362
       Plate armour      |       |       |    73 |   626 |   752 |  1377 |   365 ||  3193
Dodge: Dodged            |       |   159 |   205 |   266 |   800 |  1190 |   283 ||  2903
Block: Shield            |       |       |    87 |   512 |  1018 |  1326 |       ||  2943
       Large shield      |       |       |       |       |       |   294 |   812 ||  1106
